 Dungeon Crawl Stone Soup version 0.29.0-4-gdea44cf6ec (webtiles) character file.

Game seed: 9682515983200432924

56 qw the Chopper (level 3, 0/21 HPs)
             Began as a Tengu Warper on Aug 29, 2022.
             Slain by a hound (3 damage)
             ... on level 2 of the Dungeon.
             The game lasted 00:00:09 (1646 turns).

qw the Chopper (Tengu Warper)                       Turns: 1646, Time: 00:00:10

Health: 0/21       AC:  5    Str: 13    XL:     3   Next: 95%
Magic:  7/7        EV: 11    Int: 13    God:
Gold:   105        SH:  0    Dex: 13    Spells: 6/6 levels left

rFire   . . .      SeeInvis .   Y - +0 hand axe
rCold   . . .      Faith    .   (no shield)
rNeg    . . .      Spirit   .   j - +0 ring mail
rPois   .          Reflect  .   (helmet restricted)
rElec   .          Harm     .   (no cloak)
rCorr   .          Rampage  .   (no gloves)
Will    .....                   (boots unavailable)
Stlth   +.........              (no amulet)
HPRegen 0.07/turn               (no ring)
MPRegen 0.10/turn               (no ring)

@: no status effects
A: beak, talons 3
a: no special abilities


You were on level 2 of the Dungeon.
You visited 1 branch of the dungeon, and saw 2 of its levels.

You collected 105 gold pieces.


Innate Abilities, Weirdness & Mutations

You have a beak for a mouth.
You have claws for feet.


   Skills:
 - Level 2.0 Fighting
 + Level 4.5 Axes
 - Level 1.0 Throwing
 - Level 1.1 Armour
 - Level 2.1 Dodging
 - Level 2.0 Spellcasting
 - Level 2.4 Translocations


You had 6 spell levels left.
You didn't know any spells.
Your spell library contained the following spells:

 Spells                   Type           Power      Damage    Failure   Level
 Blink                    Tloc           14%        N/A       30%         2
 Gell's Gravitas          Tloc           7%         N/A       52%         3
 Lesser Beckoning         Tloc           7%         N/A       52%         3
 Teleport Other           Tloc           7%         N/A       52%         3
 Manifold Assault         Tloc           7%         N/A       99%         5

Inventory:

Hand Weapons
 e - a +0 whip
 Y - a +0 hand axe (weapon)
Armour
 b - a +0 cloak
 j - a +0 ring mail (worn)
Jewellery
 a - a ring of see invisible
Scrolls
 c - a scroll of identify
Potions
 d - a potion of curing {unknown}
 g - a potion of invisibility {unknown}
 k - a potion of cancellation {unknown}

Dungeon Overview and Level Annotations

Branches:
Dungeon (2/15)

Altars:
Nemelex Xobeh


Message History

You kill the goblin!
You start resting.
HP restored.
A hound comes into view.
The hound barks!
Things that are here:
a +0 club; a goblin corpse You closely miss the hound.
The hound barely misses you. The hound bites you.
You hit the hound. You peck the hound, but do no damage.
The hound is lightly wounded.
The hound bites you.
You miss the hound. You claw the hound. Your peck misses the hound.
The hound is heavily wounded.
The hound bites you. x2
You hit the hound but do no damage. Your kick misses the hound.
The hound is heavily wounded.
The hound bites you but does no damage.
You miss the hound. Your kick misses the hound.
The hound is heavily wounded.
The hound closely misses you. The hound bites you.
You hit the hound but do no damage. Your peck misses the hound.
The hound is heavily wounded.
The hound bites you. x2
You barely miss the hound. You claw the hound!
The hound is severely wounded.
The hound barely misses you.
You hit the hound. Your kick misses the hound.
The hound is almost dead.
The hound bites you but does no damage. The hound bites you.
You hit the hound. Your peck misses the hound.
The hound is almost dead.
The hound barely misses you.
You closely miss the hound.
The hound is almost dead.
The hound barely misses you. The hound bites you but does no damage.
You barely miss the hound. You peck the hound, but do no damage.
The hound is almost dead.
The hound bites you.
You die...

.#. ..# . ...
#=# #.# # ###
#.# .#.#.##
#.###h#
......##
#..##@##
#.#....
#.%....#
#...##.
#.####..#
#...# #.# #.#
###.. #.# ..#
##. #.# .!..
#. #.# .##.
######## #.#
.. . ........
#.#
.##.###..####


You could see a hound.

Vanquished Creatures
  2 adders (D:2)
  A dart slug (D:2)
  2 endoplasms (D:1)
  4 hobgoblins
  5 kobolds
  A quokka (D:1)
  3 ball pythons
  6 bats
  A frilled lizard (D:1)
  6 goblins
  3 rats
34 creatures vanquished.

Notes
Turn   | Place    | Note
-------+----------+-------------------------------------------
     0 | D:1      | qw the Tengu Warper began the quest for the Orb.
     0 | D:1      | Reached XP level 1. HP: 12/12 MP: 4/4
     0 | D:1      | 0 ||| qw: Version: 0.1-a-89-g26bdef1
     0 | D:1      | 0 ||| qw: Game counter: 3493
     0 | D:1      | 0 ||| qw: Always use a shield: true
     0 | D:1      | 0 ||| qw: God list: Okawaru
     0 | D:1      | 0 ||| qw: Allow faded altars: false
     0 | D:1      | 0 ||| qw: Do Orc after D:15 true
     0 | D:1      | 0 ||| qw: Do second Lair branch before Depths: true
     0 | D:1      | 0 ||| qw: Lair rune preference: random
     0 | D:1      | 0 ||| qw: Plans: Normal
     0 | D:1      | 0 ||| PLANNING D:1-11
   300 | D:1      | Reached XP level 2. HP: 17/17 MP: 6/6
   351 | D:1      | Reached skill level 3 in Axes
   372 | D:1      | 372 ||| Stepping ~*~*~tactically~*~*~ (stealth).
   387 | D:1      | 387 ||| Stepping ~*~*~tactically~*~*~ (stealth).
   419 | D:1      | 419 ||| Stepping ~*~*~tactically~*~*~ (stealth).
  1105 | D:1      | Found a faded altar of an unknown god.
  1109 | D:1      | 1109 ||| UPGRADING to +0 ring mail.
  1119 | D:1      | 1119 ||| DROPPING +0 leather armour.
  1120 | D:1      | 1120 ||| READING scroll labelled PYM ZOPESOTARGH.
  1121 | D:1      | 1121 ||| READING scroll labelled JIZYEN ACOGAGE.
  1122 | D:1      | 1122 ||| DRINKING 2 ruby potions.
  1123 | D:1      | 1123 ||| DROPPING scroll of blinking.
  1124 | D:1      | 1124 ||| DROPPING potion of magic.
  1207 | D:2      | Found a sparkling altar of Nemelex Xobeh.
  1210 | D:2      | Reached XP level 3. HP: 21/21 MP: 7/7
  1216 | D:2      | 1216 ||| Stepping ~*~*~tactically~*~*~ (stealth).
  1227 | D:2      | Reached skill level 4 in Axes
  1232 | D:2      | 1232 ||| FLEEEEING.
  1457 | D:2      | 1457 ||| Stepping ~*~*~tactically~*~*~ (stealth).
  1461 | D:2      | 1461 ||| Stepping ~*~*~tactically~*~*~ (stealth).
  1462 | D:2      | 1462 ||| Stepping ~*~*~tactically~*~*~ (stealth).
  1641 | D:2      | HP: 4/21 [hound (2)]
  1646 | D:2      | Slain by a hound

Levels and vault maps discovered:
D:1:      dpeg_arrival_refuge, layout_loops_ring,
          shapermc_ecumenical_altar_hornbeckon
D:2:      layout_rooms, basic_altar

Skill      XL: |  1  2  3 |
---------------+----------+-----
Axes           | 3 4 |  4.5
Fighting       | |  2.0
Throwing       | |  1.0
Armour         | |  1.1
Dodging        | |  2.1
Spellcasting   | |  2.0
Translocations | |  2.4

Action                   || total
-------------------------++-------
Melee: Hand axe          ||    97
       Kick              ||    21
       Peck              ||    13
       Punch             ||     1
Throw: Boomerang         ||     7
  Use: Scroll            ||     2
       Potion            ||     1
Armor: Leather armour    ||     5
       Ring mail         ||    18
Dodge: Dodged            ||    54

Table legend:
 A = Non-vault XP
 B = Vault XP
 C = Vault XP percentage of total XP
 D = Non-vault monster count
 E = Vault monster count
 F = Vault count percentage of total count
                 A         B        C        D         E       F
            +---------+---------+-------+---------+---------+-------
      Total |      80 |       0 |   0.0 |      34 |       0 |   0.0
            +---------+---------+-------+---------+---------+-------
        D:1 |      29 |       0 |   0.0 |      18 |       0 |   0.0
        D:2 |      51 |       0 |   0.0 |      16 |       0 |   0.0
            +---------+---------+-------+---------+---------+-------
